 Dungeon Crawl Stone Soup version 0.27.1-1-g398f81649c (webtiles) character file.

Game seed: 17716322236719462058

3167 Kinoniko the Basher (level 9, -6/55 HPs)
             Began as a Gargoyle Berserker on Sept 9, 2021.
             Was an Elder of Trog.
             Mangled by a two-headed ogre (8 damage)
             ... on level 9 of the Dungeon.
             The game lasted 00:08:00 (7653 turns).

Kinoniko the Basher (Gargoyle Berserker)            Turns: 7653, Time: 00:08:00

Health: -6/55      AC: 24    Str: 30    XL:     9   Next: 94%
Magic:  9/9        EV:  9    Int: 16    God:    Trog [****..]
Gold:   368        SH:  3    Dex:  9    Spells: 8/8 levels left

rFire    . . .     SeeInvis .   v - +3 morningstar (freeze)
rCold    + + .     Faith    .   y - +0 buckler
rNeg     + . .     Spirit   .   J - +0 chain mail
rPois    ∞         Reflect  .   (no helmet)
rElec    +         Harm     .   w - scarf {repulsion}
rCorr    +         Rampage  .   (no gloves)
Will     .....                  C - +1 pair of boots
Stlth    ..........             d - amulet of the acrobat
HPRegen  0.18/turn              q - +4 ring of protection
MPRegen  0.11/turn              f - ring "Wyg Zoubuuh" {rC++ rCorr Str+6 Int+8 Stlth-}

@: on berserk cooldown, slowed, studying Armour, repel missiles, very slow
A: sickness immunity, AC +6, negative energy resistance 1, electricity
resistance, torment resistance 1, petrification resistance
a: Renounce Religion, Berserk, Trog's Hand, Brothers in Arms


You were on level 9 of the Dungeon.
You worshipped Trog.
Trog was greatly pleased with you.
You visited 1 branch of the dungeon, and saw 10 of its levels.

You collected 368 gold pieces.

Inventory:

Hand Weapons
 a - a +0 mace
 l - a +0 flail
 v - a +3 morningstar of freezing (weapon)
 x - a +1 whip of electrocution
Missiles
 I - a throwing net (quivered)
Armour
 b - a +0 animal skin
 i - a +0 leather armour
 s - a +0 scale mail
 w - a scarf of repulsion (worn)
 y - a +0 buckler (worn)
 C - a +1 pair of boots (worn)
 J - a +0 chain mail (worn)
Jewellery
 d - an amulet of the acrobat (around neck)
 f - the ring "Wyg Zoubuuh" (right hand) {rC++ rCorr Str+6 Int+8 Stlth-}
   (You acquired it on level 6 of the Dungeon)

   [ring of strength]

   Str:       It affects your strength (+6).
   Int:       It affects your intelligence (+8).
   rC:        It greatly protects you from cold.
   rCorr:     It protects you from acid and corrosion.
   Stlth:     It makes you less stealthy.
 q - a +4 ring of protection (left hand)
Wands
 g - a wand of iceblast (10)
 z - a wand of acid (7)
 H - a wand of paralysis (1)
Scrolls
 e - 4 scrolls of immolation
 j - 3 scrolls of silence
 A - a scroll of amnesia
 B - 2 scrolls of teleportation
 E - a scroll of fear
Potions
 c - 3 potions of haste
 h - a potion of degeneration {unknown}
 k - a potion of mutation {unknown}
 m - 2 potions of curing {unknown}
 n - 2 potions of lignification {unknown}
 o - 2 potions of flight {unknown}
 p - a potion of attraction {unknown}
 r - 2 potions of might {unknown}
 t - a potion of brilliance {unknown}
 u - 2 potions of cancellation {unknown}
 D - a potion of berserk rage {unknown}
 F - a potion of resistance {unknown}
 G - a potion of heal wounds {unknown}


   Skills:
 - Level 6.1 Fighting
 * Level 10.9 Maces & Flails
 + Level 10.6 Armour
 - Level 1.5 Dodging
 - Level 1.6 Shields


You had 8 spell levels left.
You didn't know any spells.
Your spell library was empty.

Dungeon Overview and Level Annotations

Branches:
Dungeon (10/15)            Temple (0/1) D:5            Lair (0/6) D:8
    Orc: D:9-12

Altars:
Dithmenos
Fedhas
Gozag
Nemelex Xobeh
Ru
Sif Muna
Trog
Uskayaw
Wu Jian
The Shining One
Beogh

Shops:
D:4 *

Annotations:
D:7 3 runed translucent doors, Name63's ghost, novice DjWz


Innate Abilities, Weirdness & Mutations

You are immune to sickness and miasma.
Your stone body is resilient. (AC +6)
You are immune to poison.
You resist negative energy. (rN+)
You are resistant to electric shocks. (rElec)
You are resistant to unholy torment.
You are immune to petrification.


Message History

You feel yourself slow down.
The two-headed ogre completely misses you. x2
You hit the two-headed ogre. You freeze the two-headed ogre.
The two-headed ogre is lightly wounded.
The gnoll shaman hits you but does no damage.
The two-headed ogre hits you but does no damage.
The two-headed ogre completely misses you.
The howler monkey hoots and howls with incredible vigour!
The gnoll shaman hits you but does no damage.
You hear a howl!
You hear a shout! x6; You hear a howl! x2; You hear a shout!
You sock the two-headed ogre! You freeze the two-headed ogre.
The two-headed ogre is moderately wounded.
The two-headed ogre hits you with a +0 giant club! x2
The gnoll shaman misses you.
A warg comes into view.
You are too injured to fight recklessly!
You are too injured to fight recklessly!
Unknown command.
As you read the scroll of fear, it crumbles to dust.
You assume a fearsome visage.
The warg looks frightened!
The gnoll shaman looks frightened!
The howler monkey looks frightened!
The two-headed ogre resists with some effort.
The two-headed ogre hits you with a +0 giant club!
* * * LOW HITPOINT WARNING * * *
The two-headed ogre hits you but does no damage.
The two-headed ogre misses you. You block the two-headed ogre's attack.
There is a stone staircase leading up here.
The two-headed ogre closely misses you. The two-headed ogre barely misses you.
You climb upwards.
Found a robe.
Found a stone staircase leading down.
There is a stone staircase leading down here.
Unknown command.
Okay, then.
Okay, then.
Okay, then.
Your two-headed ogre goes berserk!
The two-headed ogre hits you with a +0 giant club!
* * * LOW HITPOINT WARNING * * *
The two-headed ogre hits you with a +0 giant club!
You die...

## ##.
...##..## #
......OO###...#
#@......#
###.....# .....
...> ... .. .


You could see a two-headed ogre (ally target) and a friendly two-headed ogre
(summoned, berserk).

Vanquished Creatures
  Harold (D:9)
  A shadow (D:10)
  2 wyverns
  A steam dragon (D:8)
  A warg (D:10)
  A water moccasin (D:5)
  A sky beast (D:8)
  An ogre (D:7)
  A centaur (D:8)
  A phantom (D:6)
  A kobold brigand (D:6)
  A gnoll sergeant (D:10)
  A scorpion (D:5)
  2 water moccasin skeletons
  3 wights (D:7)
  3 howler monkeys
  A centaur zombie (D:5)
  3 hounds
  A bullfrog skeleton (D:5)
  3 orc priests
  A gnoll shaman (D:8)
  A jelly (D:7)
  Ijyb (D:2)
  An iguana (D:5)
  4 orc wizards
  2 howler monkey zombies
  5 adders
  8 gnolls
  A howler monkey skeleton (D:5)
  4 white imps
  An ufetubus (D:5)
  2 worms
  2 adder skeletons
  4 dart slugs
  17 orcs
  3 endoplasms (D:1)
  A giant cockroach (D:1)
  11 goblins
  8 hobgoblins
  4 jackals (D:2)
  13 kobolds
  A quokka (D:3)
  8 ball pythons
  5 bats
  4 frilled lizards
  5 rats
147 creatures vanquished.

Notes
Turn   | Place    | Note
-------+----------+-------------------------------------------
     0 | D:1      | Kinoniko the Gargoyle Berserker began the quest for the
                  | Orb.
     0 | D:1      | Reached XP level 1. HP: 14/14 MP: 1/1
    33 | D:1      | Reached XP level 2. HP: 19/19 MP: 2/2
   551 | D:1      | Reached XP level 3. HP: 23/23 MP: 3/3
   739 | D:1      | Reached ** piety under Trog
  1253 | D:2      | Noticed Ijyb
  1274 | D:2      | Killed Ijyb
  1275 | D:2      | Reached XP level 4. HP: 24/29 MP: 4/4
  1591 | D:2      | Reached skill level 5 in Maces & Flails
  1598 | D:2      | Reached XP level 5. HP: 9/33 MP: 5/5
  2439 | D:3      | Found a faded altar of an unknown god.
  2564 | D:3      | Found a glowing golden altar of the Shining One.
  3346 | D:4      | Identified a scroll of acquirement
  3347 | D:4      | Acquired a manual of Armour
  3464 | D:4      | Noticed a wyvern
  3465 | D:4      | Found a hide-covered altar of Uskayaw.
  3471 | D:4      | Killed a wyvern
  3472 | D:4      | Reached XP level 6. HP: 32/40 MP: 6/6
  3710 | D:4      | Found Nucze's Overcharged Wands.
  3718 | D:4      | Reached skill level 5 in Fighting
  3735 | D:4      | Reached XP level 7. HP: 14/44 MP: 7/7
  4109 | D:5      | Entered Level 5 of the Dungeon
  4120 | D:5      | Found an ornate altar of the Wu Jian Council.
  4251 | D:5      | Reached *** piety under Trog
  4363 | D:5      | Found a staircase to the Ecumenical Temple.
  4654 | D:5      | Reached skill level 5 in Armour
  4832 | D:5      | Found a shadowy altar of Dithmenos.
  4874 | D:5      | Reached XP level 8. HP: 51/51 MP: 8/8
  5085 | D:6      | Acquired the ring "Wyg Zoubuuh" {rC++ rCorr Str+6 Int+8
                  | Stlth-}
  5230 | D:6      | Found a sparkling altar of Nemelex Xobeh.
  5770 | D:6      | Noticed a wyvern
  5774 | D:6      | Killed a wyvern
  5775 | D:6      | Reached skill level 1 in Shields
  6032 | D:7      | Found an opulent altar of Gozag.
  6032 | D:7      | Found a blossoming altar of Fedhas.
  6032 | D:7      | Found a bloodstained altar of Trog.
  6456 | D:7      | Identified the +2 leather armour of Blue Skies {+Blink rC+
                  | rN+ Int-5}
  6515 | D:7      | Found a runed translucent gate.
  6515 | D:7      | Noticed Name63's ghost (novice DjWz)
  6516 | D:7      | Found a runed translucent gate.
  6517 | D:7      | Found a runed translucent gate.
  6520 | D:7      | Identified the +0 chain mail of the Invisible Planets {rC+}
  6705 | D:8      | Reached **** piety under Trog
  6706 | D:8      | Reached XP level 9. HP: 55/55 MP: 9/9
  6800 | D:8      | Found a staircase to the Lair.
  7081 | D:8      | Found a shimmering blue altar of Sif Muna.
  7119 | D:8      | Found a sacrificial altar of Ru.
  7253 | D:9      | Noticed Harold
  7256 | D:9      | Paralysed by Harold for 5 turns
  7266 | D:9      | Paralysed by Harold for 4 turns
  7271 | D:9      | Killed Harold
  7272 | D:9      | Reached skill level 10 in Maces & Flails
  7272 | D:9      | Reached skill level 10 in Armour
  7350 | D:9      | You fall into a shaft and drop 1 floor!
  7350 | D:10     | Entered Level 10 of the Dungeon
  7640 | D:10     | Noticed a two-headed ogre
  7653 | D:9      | HP: 2/55 [two-headed ogre (13)]
  7653 | D:9      | Mangled by a two-headed ogre

Illustrated notes

Levels and vault maps discovered:
D:1:      dpeg_arrival_brainrot, layout_basic
D:2:      kennysheep_the_goblin_king, layout_loops_ring,
          kennysheep_generic_room_3
D:3:      layout_basic, mainiacjoe_overflow_cross_hatched,
          shapermc_ecumenical_altar_venn
D:4:      layout_rooms, eat_drink_and_be_merry_uskayaw,
          nicolae_shop_overcharged_wands
D:5:      minmay_diamond_boxcup, layout_basic, nzn_wu_jian_contemplation,
          grunt_dithmenos_smoke_and_mirrors, minmay_temple_entry_statues_pillars
D:6:      layout_loops_corners, nemelex_spade_bored_becter
D:7:      layout_gridville, chequers_temple_overflow_statue_of_worship,
          biasface_ghost_orc_armoury
D:8:      layout_rooms, lemuel_crystal_altar, nicolae_ru_the_path_less_chosen,
          lair_entry_dummy
D:9:      kennysheep_big_flooded_room, layout_layer_cave, uniq_harold
D:10:     lemuel_castle_with_subvaults [lemuel_castle_interior_carwin_1],
          layout_irregular_city, mainiacjoe_overflow_paths, kennysheep_mini,
          minitemple

Skill      XL: |  1  2  3  4  5  6  7  8  9 |
---------------+----------------------------+-----
Maces & Flails | 4 5 6 7 9 10 | 10.9
Fighting       | 4 5 6 |  6.1
Armour         | 3 5 8 10 | 10.6
Shields        | 1 |  1.6
Dodging        | |  1.5

Action                   |  1- 3 |  4- 6 |  7- 9 || total
-------------------------+-------+-------+-------++-------
Melee: Mace              |    88 |    32 |       ||   120
       Flail             |       |   120 |    44 ||   164
       Morningstar       |       |       |   189 ||   189
Invok: Berserk           |     2 |     5 |     8 ||    15
       Brothers in Arms  |       |       |     1 ||     1
  Use: Scroll            |       |     5 |    11 ||    16
Armor: Animal skin       |    41 |     5 |       ||    46
       Leather armour    |       |    82 |     3 ||    85
       Scale mail        |       |       |   122 ||   122
       Chain mail        |       |       |     9 ||     9
Dodge: Dodged            |    59 |    89 |   144 ||   292
       Repelled          |       |       |     5 ||     5
Block: Buckler           |       |       |    12 ||    12
